 Dungeon Crawl Stone Soup version 0.21.1-1-g345015f (webtiles) character file.

219 Fang the Skirmisher (level 5, -1/51 HPs)
             Began as a Gargoyle Berserker on June 20, 2018.
             Was a Believer of Trog.
             Slain by an orc priest
             ... wielding a +0 flail
              (7 damage)
             ... on level 4 of the Dungeon.
             The game lasted 00:02:24 (2103 turns).

Fang the Skirmisher (Gargoyle Berserker)            Turns: 2103, Time: 00:02:25

Health: -1/51      AC:  6    Str: 27    XL:     5   Next: 96%
Magic:  5/5        EV: 12    Int:  7    God:    Trog [**....]
Gold:   112        SH:  0    Dex:  9    Spells: 4/4 levels left

rFire    x . .     SeeInvis .   a - +0 hand axe
rCold    + . .     Gourm    .   (no shield)
rNeg     + . .     Faith    +   b - +0 animal skin
rPois    ∞         Spirit   .   (no helmet)
rElec    +         Reflect  .   (no cloak)
rCorr    .         Harm     .   (no gloves)
MR       .....                  (no boots)
Stlth    ..........             h - amulet of faith
HPRegen  0.17/turn              l - ring of ice
MPRegen  0.09/turn              (no ring)

@: berserking (expiring), very quick
A: negative energy resistance 1, electricity resistance, unbreathing,
petrification resistance, rot immunity, AC +4
a: Berserk, Trog's Hand, Burn Spellbooks, Renounce Religion


You were on level 4 of the Dungeon.
You worshipped Trog.
Trog was pleased with you.
You were very hungry.

You visited 1 branch of the dungeon, and saw 4 of its levels.

You collected 112 gold pieces.

Inventory:

Hand Weapons
 a - a +0 hand axe (weapon)
Missiles
 k - 3 javelins (quivered)
Armour
 b - a +0 animal skin (worn)
Jewellery
 h - an amulet of faith (around neck)
 l - a ring of ice (left hand)
 m - an uncursed amulet of guardian spirit {unknown}
 q - a +5 ring of strength {unknown}
Scrolls
 d - 2 scrolls of amnesia {unknown}
 f - a scroll of fear {unknown}
 j - 2 scrolls of teleportation {unknown}
 n - 2 scrolls of identify {unknown}
 o - 2 scrolls of immolation {unknown}
Potions
 e - a potion of lignification {unknown}
 g - 5 potions of curing {unknown}
 i - 2 potions of agility {unknown}
 p - a potion of mutation {unknown}
Comestibles
 c - 6 rations


   Skills:
 + Level 4.4 Fighting
 + Level 4.4 Axes
 + Level 2.5 Armour
 + Level 2.6 Dodging
 + Level 0.5 Stealth


You had 4 spell levels left.
You didn't know any spells.

Dungeon Overview and Level Annotations

Branches:
Dungeon (4/15)
 Temple: D:4-7

Altars:


Innate Abilities, Weirdness & Mutations

You are resistant to torment.
Your stone body is resilient. (AC +4)
You are immune to poison.
You resist negative energy. (rN+)
You are resistant to electric shocks. (rElec)
You can survive without breathing.
You are immune to petrification.
You are immune to rotting.


Message History

The orc priest mumbles some strange prayers to Beogh against you.
Beogh smites you!
* * * LOW HITPOINT WARNING * * *
Unknown command.
You barely miss the orc priest.
The orc priest is severely wounded.
The orc priest hits you but does no damage.
You slash the orc priest!
You kill the orc priest!
Trog accepts your kill.
Unknown command.
The orc priest hits you with a flail.
* * * LOW HITPOINT WARNING * * *
The orc barely misses you.
Things that are here:
a chain mail; a leather armour Unknown command.
You closely miss the orc. You barely miss the orc priest.
The orc priest hits you with a flail!
You die...

......†...# #..#
.##.####.######..#
#.####....)....#
#......#######.###
#.................
######.#######.###
#......#.....#.#
#.####.#.....'.#
#@# #.#.....#.#
#oo..#.#.....#.#
.......#.....#.#
........#######.#
#.#.##.#.# #.#
#.### .#.# #.# #.
. .# # #.


You could see an orc priest and an orc.

Vanquished Creatures
  2 orc priests (D:4)
  Natasha (thrice) (D:2)
  4 adders
  2 leopard geckos
  An orc (D:3)
  2 ball pythons
  5 bats
  3 giant cockroaches
  6 goblins
  6 hobgoblins
  5 jackals
  2 quokkas
  4 kobolds
  5 rats
50 creatures vanquished.

Notes
Turn   | Place    | Note
-------+----------+-------------------------------------------
     0 | D:1      | Fang the Gargoyle Berserker began the quest for the Orb.
     0 | D:1      | Reached XP level 1. HP: 14/14 MP: 1/1
   114 | D:1      | Reached XP level 2. HP: 17/19 MP: 2/2
   444 | D:2      | Noticed Natasha
   449 | D:2      | Noticed a crimson imp
   478 | D:2      | Killed Natasha
   478 | D:2      | Reached XP level 3. HP: 5/24 MP: 3/3
   766 | D:2      | Noticed Natasha
   772 | D:2      | Killed Natasha
   772 | D:2      | Reached XP level 4. HP: 3/29 MP: 4/4
  1201 | D:2      | Noticed Natasha
  1207 | D:2      | Killed Natasha
  1270 | D:2      | Reached ** piety under Trog
  1506 | D:3      | Reached XP level 5. HP: 31/33 MP: 5/5
  2103 | D:4      | Slain by an orc priest

Skill      XL: |  1  2  3  4  5 |
---------------+----------------+-----
Axes           | 3 4 |  4.4
Dodging        | 2 |  2.6
Fighting       | 4 |  4.4
Armour         | |  2.5
Stealth        | |  0.5

Action                   |  1- 3 |  4- 6 || total
-------------------------+-------+-------++-------
Melee: Hand axe          |    66 |   127 ||   193
Invok: Berserk           |     2 |     2 ||     4
  Eat: Chunk             |       |     3 ||     3
       Ration            |       |     1 ||     1
Armor: Animal skin       |    18 |    53 ||    71
Dodge: Dodged            |    38 |    96 ||   134
